 Dungeon Crawl Stone Soup version 0.32-a0-519-g08f29ac1c3 (webtiles) character file.

Game seed: 12458616093427662828

544498 SergeantStubby the Warrior (level 24, -172/185 HPs)
             Began as a Mummy Hunter on Feb 27, 2024.
             Was the Champion of Hepliaklqana.
             Killed from afar by a yellow draconian annihilator (300 damage)
             ... with an acid spray
             ... led by a red draconian scorcher
             ... on level 1 of the Realm of Zot.
             The game lasted 01:59:56 (73483 turns).

SergeantStubby the Warrior (Mummy Hunter)          Turns: 73483, Time: 01:59:56

Health: -172/185   AC: 27    Str: 15    XL:     24   Next: 85%
Magic:  35/35      EV: 34    Int:  6    God:    Hepliaklqana [******]
Gold:   6258       SH:  0    Dex: 29    Spells: 23/23 levels left

rFire   + . .        W - +9 arbalest (freeze)
rCold   + + .        (shield currently unavailable)
rNeg    + + +        X - +8 ring mail of Errifuah {Fly rN+++ Str-3 Int-4}
rPois   ∞            j - +0 helmet
rElec   +            r - +1 cloak
rCorr   .            P - +2 pair of gloves of the Poles {Will+ Dex+5 SInv}
SInv    +            l - +1 pair of boots of Eseape {rElec rF+ Will++ Dex-3}
Will    +++++        L - amulet of regeneration
Stlth   ++++         p - ring of Qaelosyf {EV+5 Str+3 Dex+3}
HPRegen 1.30/turn    F - ring "Ypyps" {Wiz rF+ rC+ Will+ Stlth+}
MPRegen 0.24/turn

%: faith, wizardry (x1)
@: flying, studying 2 skills
A: reduced essence, cold resistance 1, negative energy resistance 3, torment
resistance 2, heat vulnerability 1, in touch with death 2, no potions, faith
}: 3/15 runes: decaying, abyssal, gossamer
a: Renounce Religion, Recall Ancestor, Ancestor Identity, Transference, Idealise


You were on level 1 of the Realm of Zot.
You worshipped Hepliaklqana.
Hepliaklqana was exalted by your worship.
You visited 12 branches of the dungeon, and saw 51 of its levels.
You visited the Abyss 1 time.
You visited 1 ziggurat, and saw 6 of its levels.

You collected 6686 gold pieces.
You spent 428 gold pieces at shops.

Inventory:

Hand Weapons
 k - a +1 longbow of freezing
 K - a +2 hand cannon of draining
 O - a +4 orcbow of electrocution
 W - a +9 arbalest of freezing (weapon)
 Y - a +1 heavy arbalest
Missiles
 x - a throwing net
Armour
 j - a +0 helmet (worn)
 l - the +1 pair of boots of Eseape (worn) {rElec rF+ Will++ Dex-3}
   (You acquired it on level 5 of the Dungeon)

   Dex-3:     It affects your dexterity (-3).
   rF+:       It protects you from fire.
   rElec:     It insulates you from electricity.
   Will++:    It greatly increases your willpower.
 r - a +1 cloak (worn)
 J - a +2 buckler
 P - the +2 pair of gloves of the Poles (worn) {Will+ Dex+5 SInv}
   (You took it off Nikola on level 4 of the Swamp)

   Dex+5:     It affects your dexterity (+5).
   Will+:     It increases your willpower.
   SInv:      It lets you see invisible.
 X - the +8 ring mail of Errifuah (worn) {Fly rN+++ Str-3 Int-4}
   (You took it off an orc knight on level 14 of the Dungeon)

   Str-3:     It affects your strength (-3).
   Int-4:     It affects your intelligence (-4).
   rN+++:     It renders you almost immune to negative energy.
   Fly:       It grants you flight.
 Z - a +2 robe of resistance
Jewellery
 b - a +5 ring of evasion
 m - an amulet of reflection
 p - the ring of Qaelosyf (left hand) {EV+5 Str+3 Dex+3}
   (You took it off a deep elf sorcerer on level 3 of the Elven Halls)

   [ring of evasion]

   EV+5:      It affects your evasion (+5).
   Str+3:     It affects your strength (+3).
   Dex+3:     It affects your dexterity (+3).
 s - a +4 ring of protection
 t - a ring of resist corrosion
 w - the amulet of Lyhev {RegenMP rCorr Stlth+}
   (You took it off a deep elf sorcerer on level 3 of the Elven Halls)

   [amulet of magic regeneration]

   RegenMP:   It increases your rate of magic regeneration.
   rCorr:     It protects you from acid and corrosion.
   Stlth+:    It makes you more stealthy.
 E - a ring of flight
 F - the ring "Ypyps" (right hand) {Wiz rF+ rC+ Will+ Stlth+}
   (You took it off a deep elf sorcerer on level 3 of the Elven Halls)

   [ring of wizardry]

   Wiz:       It improves your spell success rate.
   rF+:       It protects you from fire.
   rC+:       It protects you from cold.
   Will+:     It increases your willpower.
   Stlth+:    It makes you more stealthy.
 H - a +5 ring of evasion
 L - an amulet of regeneration (around neck)
 N - a +4 ring of protection
 Q - a ring of fire
 R - an amulet of the acrobat
 U - a ring of willpower
Wands
 c - a wand of light (21)
 o - a wand of warping (57)
 v - a wand of digging (18)
 A - a wand of flame (95)
 D - a wand of mindburst (1)
 G - a wand of paralysis (47)
 V - a wand of polymorph (32)
Scrolls
 a - 8 scrolls of fog {@r2}
 d - 6 scrolls of teleportation {@r3}
 e - 6 scrolls of silence {!r}
 f - a scroll of butterflies
 g - 6 scrolls of amnesia
 h - 2 scrolls of blinking {@r4}
 i - 8 scrolls of vulnerability {!r}
 n - 6 scrolls of enchant weapon
 q - 5 scrolls of revelation {@r5}
 u - 8 scrolls of poison
 z - 4 scrolls of immolation
 B - 15 scrolls of noise
 I - 7 scrolls of torment
 M - 18 scrolls of identify {@r1}
 T - 5 scrolls of enchant armour
Miscellaneous
 y - a phial of floods
 C - a sack of spiders
 S - a phantom mirror


   Skills:
 + Level 20.9 Fighting
 + Level 20.5 Ranged Weapons
 + Level 15.9 Armour
 + Level 18.7 Dodging
 - Level 5.0 Stealth
 - Level 10.0 Shields
 + Level 16.1 Invocations


You had 23 spell levels left.
You didn't know any spells.
Your spell library contained the following spells:

 Spells                   Type           Power      Damage    Failure   Level
 Apportation              Tloc           0%         N/A       30%         1
 Foxfire                  Conj/Fire      0%         2x1d4     30%         1
 Kiss of Death            Conj/Necr      0%         2d5       30%         1
 Magic Dart               Conj           0%         1d3       30%         1
 Necrotise                Necr           0%         1d4       30%         1
 Sting                    Conj/Alch      0%         1d3       30%         1
 Blink                    Tloc           0%         N/A       41%         2
 Call Imp                 Summ           0%         N/A       41%         2
 Cigotuvi's Dreadful Rot  Necr/Alch/Air  0%         N/A       41%         2
 Jinxbite                 Hex            0%         N/A       41%         2
 Lesser Beckoning         Tloc           0%         N/A       41%         2
 Mercury Vapours          Alch/Air       0%         N/A       41%         2
 Momentum Strike          Conj/Tloc      0%         3d8       41%         2
 Scorch                   Fire           0%         2d5       41%         2
 Searing Ray              Conj           0%         2d4       41%         2
 Static Discharge         Conj/Air       0%         3-3/arc   41%         2
 Call Canine Familiar     Summ           0%         N/A       65%         3
 Confusing Touch          Hex            0%         N/A       65%         3
 Frozen Ramparts          Ice            0%         1d1       65%         3
 Fugue of the Fallen      Necr           0%         N/A       65%         3
 Gell's Gravitas          Tloc           0%         N/A       65%         3
 Hailstorm                Conj/Ice       0%         3d5       65%         3
 Inner Flame              Hex/Fire       0%         N/A       65%         3
 Sigil of Binding         Hex            0%         N/A       65%         3
 Stone Arrow              Conj/Erth      0%         3d7       65%         3
 Summon Ice Beast         Ice/Summ       0%         N/A       65%         3
 Teleport Other           Tloc           0%         N/A       65%         3
 Tukima's Dance           Hex            0%         N/A       65%         3
 Vampiric Draining        Necr           0%         2d6       65%         3
 Airstrike                Air            0%         2d(0-16)  95%         4
 Animate Armour           Summ/Erth      0%         N/A       95%         4
 Animate Dead             Necr           0%         N/A       95%         4
 Dimensional Bullseye     Hex/Tloc       0%         N/A       95%         4
 Dispel Undead            Necr           0%         3d6       95%         4
 Flame Wave               Conj/Fire      0%         2d4       95%         4
 Fulminant Prism          Conj/Alch      0%         3d5       95%         4
 Ignite Poison            Fire/Alch      0%         N/A       95%         4
 Leda's Liquefaction      Alch/Erth      0%         N/A       95%         4
 Martyr's Knell           Necr/Summ      0%         N/A       95%         4
 Olgreb's Toxic Radiance  Alch           0%         N/A       95%         4
 Petrify                  Alch/Erth      0%         N/A       95%         4
 Summon Blazeheart Golem  Fire/Summ      0%         N/A       95%         4
 Summon Lightning Spire   Summ/Air       0%         N/A       95%         4
 Alistair's Intoxication  Alch           0%         N/A       100%        5
 Borgnjor's Vile Clutch   Necr/Erth      0%         N/A       100%        5
 Freezing Cloud           Conj/Ice/Air   0%         6-21      100%        5
 Irradiate                Conj/Alch      0%         3d11      100%        5
 Lee's Rapid Deconstruct  Erth           0%         3d4*      100%        5
 Metabolic Englaciation   Hex/Ice        0%         N/A       100%        5
 Summon Forest            Summ/Tloc      0%         N/A       100%        5
 Summon Mana Viper        Hex/Summ       0%         N/A       100%        5
 Bombard                  Conj/Erth      0%         9d1       100%        6
 Dispersal                Tloc           0%         N/A       100%        6
 Eringya's Noxious Bog    Alch           0%         4d6       100%        6
 Plasma Beam              Fire/Air       0%         2x1d10    100%        6
 Sculpt Simulacrum        Ice/Alch       0%         N/A       100%        6
 Starburst                Conj/Fire      0%         6d3       100%        6
 Summon Cactus Giant      Summ           0%         N/A       100%        6
 Haunt                    Necr/Summ      0%         N/A       100%        7
 Summon Hydra             Summ           0%         N/A       100%        7
 Discord                  Hex            0%         N/A       100%        8
 Ignition                 Fire           0%         3d3       100%        8
 Infestation              Necr           0%         N/A       100%        8
 Lehudib's Crystal Spear  Conj/Erth      0%         10d2      100%        8
 Chain Lightning          Conj/Air       0%         N/A       100%        9
 Fire Storm               Conj/Fire      0%         5d1       100%        9
 Shatter                  Erth           0%         3d5*      100%        9
 Sublimation of Blood     Necr           Unusable   N/A       N/A         2
 Borgnjor's Revivificati  Necr           Unusable   N/A       N/A         8
 Death's Door             Necr           Unusable   N/A       N/A         9

Dungeon Overview and Level Annotations

Branches:
Dungeon (15/15)            Temple (1/1) D:5            Lair (5/5) D:11
  Swamp (4/4) Lair:2       Spider (4/4) Lair:2        Slime (5/5) Lair:5
    Orc (2/2) D:9             Elf (3/3) Orc:2        Vaults (4/5) D:13
  Crypt (3/3) Vaults:3       Tomb (0/3) Crypt:3      Depths (4/4) D:15
    Zot (1/5) Depths:4

Altars:
Ashenzari
Cheibriados
Dithmenos
Fedhas
Gozag
Hepliaklqana
Kikubaaqudgha
Makhleb
Nemelex Xobeh
Okawaru
Qazlal
Ru
Sif Muna
Trog
Uskayaw
Vehumet
Wu Jian
Xom
Yredelemnul
Beogh
Jiyva

Shops:
D:6 ![:   D:9 :   D:11 *   D:15 *   Orc:1 =([(   Orc:2 :*[(   Elf:2 =   Elf:3 (
Vaults:3 (   Depths:3 *

Portals:
Hell: Depths:1 Depths:2 Depths:3 Depths:4
Abyss: Depths:3
Pandemonium: Depths:2 Depths:3 Depths:4

Annotations:
Slime:5 Royal Jelly
Crypt:1 Mennas
Depths:4 2 transporters, Ceed's ghost, adept MfGl


Innate Abilities, Weirdness & Mutations

Your life essence is reduced to manifest your ancestor. (-10% HP)
You are immune to poison.
Your flesh is cold resistant. (rC+)
You are immune to negative energy. (rN+++)
You are immune to unholy pain and torment.
You are vulnerable to heat. (rF-)
You are strongly in touch with the powers of death.
You do not drink.
You have a special connection with the divine. (Faith)


Message History

The bolt freezes the purple draconian shifter!
You kill the purple draconian shifter!
You are engulfed in blazing flames.
You resist.
Ucru misses the yellow draconian annihilator.
Ucru hits the white draconian but does no damage.
The yellow draconian annihilator mumbles some strange words.
The yellow draconian annihilator blinks!
The white draconian completely misses you.
Ucru blocks the white draconian's attack.
You shoot a bolt. The bolt hits the white draconian!!
The bolt freezes the white draconian.
The white draconian is heavily wounded.
You are engulfed in blazing flames.
You resist.
Ucru hits the red draconian with a +0 broad axe of speed!!
The black draconian knight blocks Ucru's attack.
Ucru hits the white draconian with a +0 broad axe of speed.
The black draconian knight is engulfed in acidic fog.
The black draconian knight completely misses you.
The red draconian barely misses you.
The white draconian hits Ucru with a +0 battleaxe!
The white draconian closely misses you.
The black draconian knight is engulfed in acidic fog.
The acid corrodes the black draconian knight!
The black draconian knight hits you with a +0 long sword.
Ucru hits the red draconian with a +0 broad axe of speed!!
The red draconian dies!
Ucru hits the white draconian with a +0 broad axe of speed!
Ucru hits the yellow draconian annihilator with a +0 broad axe of speed.
Ucru closely misses the black draconian knight.
You shoot a bolt. The bolt hits the white draconian!!!
The bolt freezes the white draconian.
You kill the white draconian!
You are engulfed in blazing flames.
You resist.
Ucru hits the yellow draconian annihilator with a +0 broad axe of speed!!
The black draconian knight blocks Ucru's attack.
The yellow draconian annihilator throws acid at you.
The acid spray hits you!!!!!!
Ouch! That really hurt!
You die...
Hepliaklqana delivers you to your ancestors.

##...#..### ###
##....##.##..# .
##......##..# ..
##.....##..# ...
#ß..#..#..#....
###..#.#.....
##).....####
##§§)q§...#
##.R)@..q#
#./..q)y○....#
#......§.§##(#
#≈≈≈≈.#§§≈§.#
≈≈≈≈≈§§§§≈§≈≈#
§§≈≈≈§§§≈≈§§§≈§.
≈§≈≈≈≈§≈≈≈≈≈≈§§≈.
§.§≈§§≈≈≈##..≈≈


You could see the friendly Ucru the knight (fast, reflecting), a black draconian
knight (fast, invisible, distracted, corroded), a yellow draconian annihilator
(catching breath, ally target), a red draconian scorcher and a moth of wrath.

Vanquished Creatures
  2 golden dragons
  3 bone dragons (Abyss:3)
  2 hellephants
  An electric golem (Depths:4)
  2 titans
  A lich (Abyss:2)
  A walking divine tome (Depths:3)
  A death cob (Depths:4)
  An Executioner (Abyss:3)
  8 acid blobs
  2 quicksilver dragons
  7 tentacled starspawn
  2 ancient champions
  Gastronok (Lair:1)
  A tengu reaver (Depths:3)
  A thorn hunter (Swamp:3)
  A draconian monk (Depths:4)
  3 revenants
  4 fire giants
  3 protean progenitors
  4 azure jellies
  2 shadow dragons (Depths:4)
  4 storm dragons
  5 rockslimes
  6 deep elf sorcerers
  4 emperor scorpions
  3 frost giants
  3 deep elf elementalists
  8 vault wardens
  2 curse skulls
  2 draconian shifters (Zot:1)
  7 ghouls
  6 ghost moths
  2 balrugs
  8 ironbound preservers
  A reaper (Depths:2)
  2 orc warlords
  A cacodemon (Abyss:3)
  A juggernaut zombie (Crypt:3)
  A broodmother (Spider:4)
  3 stone giants
  10 very ugly things
  4 eleionomae
  4 deep elf death magi
  6 formless jellyfish
  A purple draconian (Depths:4)
  6 quicksilver oozes
  A black draconian (Zot:1)
  11 ironbound thunderhulks
  The ghost of Odaupo the Unseen, a journeyman SpEn of Uskayaw (Swamp:4)
  A deep elf demonologist (Elf:3)
  6 dire elephants
  2 deep elf annihilators (Elf:3)
  3 bunyips
  A green draconian (Depths:4)
  3 white draconians
  4 eidola
  A red draconian (Depths:4)
  2 war gargoyles
  11 spark wasps
  A green death (Depths:3)
  8 ettins
  17 jiangshi
  An entropy weaver (shapeshifter) (D:13)
  4 fire dragons
  Josephine (Lair:5)
  A fenstrider witch zombie (Crypt:2)
  A spriggan zombie (Crypt:3)
  7 vault guards
  4 deep elf high priests (Elf:3)
  A great orb of eyes (shapeshifter) (Depths:2)
  6 great orbs of eyes
  2 shambling mangroves
  10 yaktaur captains
  4 peacekeepers
  A salamander tyrant (Zig:5)
  A catoblepas (D:14)
  4 ice dragons
  5 entropy weavers
  A ghost crab (Swamp:3)
  2 hydras
  3 spriggan air magi
  6 alligators
  2 ogre magi (D:13)
  A spriggan skeleton (Depths:3)
  3 jorogumos
  3 centaur warriors
  A radroach (Spider:4)
  6 ironbound frosthearts
  8 boulder beetles
  14 dancing weapons
  An anaconda (shapeshifter) (D:14)
  4 tengu warriors
  10 demonic crawlers
  3 deep troll shamans (Depths:2)
  A two-headed ogre (D:12)
  6 death scarabs (Spider:4)
  13 death yaks
  3 vampire magi
  Urug (Lair:5)
  7 thrashing horrors
  An occultist (Depths:2)
  5 orc high priests
  A quicksilver ooze zombie (Crypt:2)
  5 deep troll earth magi
  10 deep elf knights
  2 spriggan berserkers
  8 hell knights
  A sun demon (Abyss:1)
  A shock serpent (shapeshifter) (Depths:1)
  A skyshark (Lair:5)
  4 soul eaters
  14 skeletal warriors
  A shadow wraith (Crypt:2)
  10 pharaoh ants
  5 wretched stars
  29 deep trolls
  A sixfirhy (Abyss:3)
  4 goliath frogs
  3 iron trolls (Depths:2)
  4 glowing orange brains
  A shadow demon (Depths:3)
  10 orb spiders
  A spriggan druid (Swamp:4)
  A swamp dragon (Swamp:2)
  2 orange crystal statues
  2 bunyip skeletons
  14 bog bodies
  18 ironbound convokers
  14 large abominations
  A quicksilver dragon simulacrum (Depths:3)
  3 flayed ghosts
  A sun moth (Spider:4)
  4 phantasmal warriors
  9 deep elf archers
  5 thermic dynamos
  11 orc knights
  13 starcursed masses
  2 arcanists
  8 steelbarb worms
  2 spectral wolf spiders (Spider:4)
  21 deep elf pyromancers
  4 harpies (Vaults:3)
  4 necromancers
  21 deep elf zephyrmancers
  2 lindwurms (Vaults:1)
  10 ugly things
  9 orc sorcerers
  14 wolf spiders
  A salamander (Depths:1)
  6 moths of wrath
  3 cyclopes
  A manticore (Lair:5)
  A worldbinder (Abyss:3)
  A will-o-the-wisp (Abyss:1)
  A cyclops (shapeshifter) (Depths:2)
  2 meliai (Spider:4)
  10 elephants
  2 kobold blastminers (Orc:2)
  2 black mambas (Lair:5)
  2 shining eyes
  3 guardian serpents
  4 smoke demons
  A naga zombie (Crypt:3)
  7 vault sentinels
  3 apocalypse crabs
  A centaur zombie (Crypt:3)
  An eye of devastation (Slime:2)
  3 gargoyles
  3 kobold demonologists
  A hellion (Abyss:3)
  3 black draconian zombies
  An iron troll zombie (Crypt:3)
  21 yaktaurs
  A rime drake (shapeshifter) (Elf:1)
  4 torpor snails
  2 unseen horrors
  8 cane toads
  5 rime drakes
  A spectral redback (Spider:4)
  A golden dragon simulacrum (Depths:3)
  5 freezing wraiths
  2 efreet
  A merfolk (shapeshifter) (Elf:1)
  11 komodo dragons
  A guardian mummy (Crypt:3)
  7 trolls
  9 ancient zymes
  2 red devils
  A spectral tarantella (Spider:4)
  5 spectral jumping spiders (Spider:4)
  2 polar bears (Lair:5)
  13 tarantellas
  A harpy zombie (Abyss:3)
  A bloated husk (Swamp:1)
  16 raiju
  7 tyrant leeches
  7 hornets
  11 blink frogs
  2 culicivora zombies
  An ettin zombie (Abyss:1)
  A snapping turtle (Lair:5)
  A death drake skeleton (Crypt:3)
  4 glass eyes
  A jumping spider zombie (Spider:4)
  6 dream sheep
  91 slime creatures
  2 guardian serpent skeletons
  2 shadows
  An air elemental (Elf:3)
  An ettin skeleton (Crypt:3)
  13 culicivoras
  A jumping spider (shapeshifter) (D:14)
  A naga simulacrum (Abyss:2)
  5 wyverns
  5 spriggans
  A fire dragon skeleton (Crypt:3)
  24 jumping spiders
  A wind drake zombie (Crypt:1)
  6 ynoxinuls
  2 culicivoras (shapeshifter)
  3 fire elementals
  38 yaks
  2 vampires (Crypt:3)
  12 wraiths
  2 water elementals
  2 humans (D:13)
  5 wargs
  2 fire bats (D:5)
  A slime creature zombie (Crypt:2)
  A basilisk (Lair:2)
  7 golden eyes
  A yak (shapeshifter) (D:15)
  2 steam dragons
  A black mamba skeleton (Abyss:1)
  3 neqoxecs
  19 redbacks
  3 chaos spawn
  6 swamp worm simulacra (Swamp:4)
  16 vampire mosquitoes
  18 swamp worms
  A human zombie (Depths:3)
  3 acid dragons
  10 water moccasins
  A demonspawn zombie (Crypt:3)
  14 hydra simulacra (Swamp:4)
  A merfolk skeleton (Crypt:3)
  5 hell hounds (Abyss:3)
  32 laughing skulls
  9 ogres
  A swamp drake (Swamp:3)
  2 ice beasts
  3 sky beasts
  18 orc warriors
  3 black bears
  An ettin simulacrum (Crypt:3)
  10 wolves
  5 centaurs
  7 kobold brigands
  A fire crab zombie (Crypt:3)
  5 weeping skulls
  Blork the orc (D:4)
  2 brain worms
  11 bullfrogs
  17 small abominations
  2 scorpions
  A wight (D:10)
  18 killer bees
  A raiju skeleton (Crypt:1)
  A yak skeleton (Crypt:2)
  3 bombardier beetles
  6 howler monkeys
  A jelly (D:5)
  3 quasits
  4 iron imps
  18 orc priests
  A gnoll bouda (D:8)
  A sleepcap (D:6)
  6 iguanas
  18 orc wizards
  A killer bee zombie (Crypt:1)
  11 mummies (Crypt:3)
  8 gnolls
  13 adders
  A shadow imp (D:7)
  3 white imps
  5 ufetubi
  A swamp drake simulacrum (Swamp:4)
  7 dart slugs
  4 ribbon worms
  59 orcs
  12 endoplasms
  A giant cockroach (D:3)
  12 hobgoblins
  5 jackals
  11 kobolds
  4 quokkas
  16 ball pythons
  4 bats
  4 frilled lizards
  A frilled lizard skeleton (Crypt:3)
  A gnoll skeleton (Crypt:3)
  13 goblins
  6 rats
  A rat skeleton (Crypt:1)
  5 butterflies (Vaults:3)
  6 starspawn tentacles
1681 creatures vanquished.

Vanquished Creatures (collateral kills)
  A pandemonium lord (Zig:4)
  A curse toe (Crypt:3)
  Margery (Vaults:3)
  2 profane servitors
  Nikola (Swamp:4)
  A bone dragon (Abyss:1)
  2 liches
  2 tentacled monstrosities
  Asterion (Elf:2)
  A titan (Depths:3)
  2 deep elf blademasters
  6 acid blobs (Slime:5)
  A sphinx (Depths:3)
  3 tentacled starspawn
  7 ancient champions
  A thorn hunter (Swamp:3)
  8 rockslimes
  A storm dragon (Depths:4)
  2 tengu reavers
  2 fire giants
  4 azure jellies
  2 frost giants
  3 vault wardens
  A balrug (Zig:5)
  5 deep elf sorcerers
  An emperor scorpion (Spider:2)
  A ghost moth (Spider:4)
  A deep elf elementalist (Elf:3)
  An orc warlord (Vaults:4)
  7 quicksilver oozes
  4 ironbound preservers
  A draconian stormcaller (Depths:4)
  A cacodemon (Zig:4)
  A reaper (Crypt:3)
  A stone giant (Zig:6)
  2 very ugly things
  An ironbound thunderhulk (Vaults:4)
  A formless jellyfish (Slime:2)
  An eleionoma (Swamp:3)
  2 vampire knights (Crypt:3)
  A broodmother (Spider:3)
  A deep elf death mage (Elf:2)
  2 dire elephants (Vaults:2)
  2 black draconians
  3 deep elf annihilators (Elf:3)
  2 deep elf demonologists (Elf:3)
  A green draconian (Depths:4)
  3 purple draconians
  4 spark wasps
  A bunyip (Swamp:4)
  A minotaur (Lair:1)
  2 war gargoyles
  Snorg (Lair:5)
  2 red draconians
  An eidolon (Abyss:3)
  2 crystal guardians
  A green death (Zig:4)
  3 ettins
  5 jiangshi
  4 deep elf high priests
  A spriggan zombie (Crypt:3)
  A yaktaur captain (Vaults:1)
  An entropy weaver (Spider:3)
  A rakshasa (Depths:1)
  2 great orbs of eyes (Vaults:2)
  2 ice dragons
  A salamander tyrant (Zig:5)
  2 vault guards (Vaults:4)
  A jorogumo (Spider:4)
  A peacekeeper (Vaults:2)
  A death knight (Vaults:3)
  2 alligators (Swamp:1)
  A hell beast (Depths:4)
  A spriggan air mage (Depths:4)
  4 centaur warriors
  A death yak (Lair:4)
  A merfolk avatar (Lair:5)
  3 ironbound frosthearts
  7 dancing weapons (Elf:2)
  A death scarab (Spider:4)
  2 tengu warriors
  4 demonic crawlers
  2 thrashing horrors (Abyss:3)
  3 vampire magi
  3 hell knights
  An orc high priest (Elf:3)
  A spectral emperor scorpion (Spider:4)
  A titan zombie (Depths:3)
  A soul eater (Crypt:3)
  A wretched star (Abyss:3)
  3 shadow wraiths
  7 deep elf knights
  An iron troll (Depths:1)
  12 skeletal warriors
  The ghost of SnaplasherVine the Slicer, a novice VSBe of Trog (D:9)
  2 pharaoh ants
  A flayed ghost (Depths:3)
  11 deep trolls
  3 orb spiders
  An orange crystal statue (Abyss:3)
  A spriggan druid (Swamp:3)
  3 glowing orange brains
  4 bog bodies
  3 deep elf archers
  3 phantasmal warriors
  3 lindwurms
  8 deep elf pyromancers
  A steelbarb worm (Spider:4)
  8 ironbound convokers
  A steelbarb worm (shapeshifter) (Elf:1)
  2 necromancers
  5 deep elf zephyrmancers
  4 large abominations
  2 shining eyes (Slime:2)
  A broodmother zombie (Crypt:2)
  6 wolf spiders
  2 manticores (D:12)
  2 orc knights (Vaults:4)
  An orc sorcerer (Orc:1)
  4 ugly things
  A will-o-the-wisp (Swamp:3)
  A salamander (shapeshifter) (Elf:1)
  A worldbinder (Abyss:2)
  A meliai (Spider:4)
  3 black mambas (Lair:5)
  A molten gargoyle (Lair:4)
  An elephant (Lair:5)
  8 vault sentinels
  42 slime creatures
  A torpor snail (Spider:2)
  A cane toad (Lair:1)
  2 smoke demons (Abyss:3)
  A cane toad (shapeshifter) (Elf:1)
  2 unseen horrors
  A rime drake (Lair:3)
  A dire elephant skeleton (Crypt:1)
  A spectral redback (Spider:4)
  A tengu conjurer (D:13)
  5 yaktaurs
  A yellow draconian skeleton (Crypt:3)
  4 komodo dragons
  2 freezing wraiths
  A redback zombie (Spider:4)
  3 tarantellas
  A merfolk (shapeshifter) (Vaults:3)
  2 trolls
  3 raiju
  3 hornets
  9 blink frogs
  2 glass eyes (Slime:2)
  3 tyrant leeches
  3 dream sheep
  5 culicivoras
  6 jumping spiders
  2 shadows (D:11)
  7 small abominations
  2 wraiths
  A black mamba skeleton (Abyss:1)
  20 yaks
  4 ynoxinuls
  A wyvern (Lair:5)
  A water elemental (Depths:2)
  A vampire (Crypt:3)
  A fire bat (D:5)
  5 golden eyes (Slime:5)
  2 basilisks
  A vampire mosquito (D:12)
  A warg (shapeshifter) (Elf:1)
  7 redbacks
  3 neqoxecs (Abyss:3)
  A swamp worm simulacrum (Swamp:4)
  4 water moccasins
  A hydra simulacrum (Swamp:4)
  3 swamp worms
  5 orc warriors
  An ice beast (D:7)
  10 laughing skulls
  A sky beast (Abyss:1)
  5 wolves
  An ogre (Orc:2)
  A centaur (D:14)
  3 bullfrogs
  A brain worm (Abyss:3)
  A gnoll sergeant (D:9)
  2 earth elementals (Abyss:3)
  A water moccasin zombie (Crypt:1)
  2 wights (D:10)
  A cyclops skeleton (Crypt:1)
  A shapeshifter zombie (Crypt:3)
  3 killer bees (D:10)
  3 howler monkeys
  2 quasits (Abyss:3)
  3 orc priests
  A starcursed mass (Abyss:3)
  9 orc wizards
  A mummy (Crypt:3)
  A gnoll (D:9)
  14 orcs
  2 kobolds (D:9)
  An aspiring flesh (Depths:4)
  10 butterflies (Vaults:3)
  4 starspawn tentacles
570 creatures vanquished.

Vanquished Creatures (others)
  A deep elf elementalist (Elf:3)
  An ironbound preserver (Vaults:3)
  A ghoul (Crypt:2)
  A yaktaur captain (Vaults:4)
  An alligator (Swamp:3)
  A dancing weapon (Elf:2)
  A vampire mage (Crypt:1)
  2 deep elf knights (Elf:2)
  2 deep elf archers
  A spriggan simulacrum (Abyss:2)
  A deep elf zephyrmancer (Elf:3)
  4 yaktaurs (Vaults:3)
  A freezing wraith (Swamp:4)
  3 bloated husks
  A black mamba simulacrum (Abyss:3)
  64 knights
  A butterfly (D:8)
  29 foxfires
  10 starspawn tentacles
126 creatures vanquished.

Grand Total: 2377 creatures vanquished

Notes
Turn   | Place    | Note
-------+----------+-------------------------------------------
     0 | D:1      | SergeantStubby the Mummy Hunter began the quest for the
                  | Orb.
     0 | D:1      | Reached XP level 1. HP: 16/16 MP: 1/1
    36 | D:1      | Reached skill level 1 in Stealth
    74 | D:1      | Reached XP level 2. HP: 21/22 MP: 2/2
   465 | D:1      | Reached XP level 3. HP: 24/28 MP: 3/3
   987 | D:2      | Reached XP level 4. HP: 30/34 MP: 4/4
  1695 | D:3      | Reached XP level 5. HP: 34/41 MP: 5/5
  2662 | D:4      | Noticed a black bear
  2686 | D:5      | Entered Level 5 of the Dungeon
  2693 | D:5      | Killed a black bear
  2694 | D:5      | Reached skill level 5 in Ranged Weapons
  2694 | D:5      | Reached XP level 6. HP: 17/48 MP: 6/6
  3176 | D:4      | Noticed Blork the orc
  3190 | D:4      | Killed Blork the orc
  3350 | D:4      | Reached XP level 7. HP: 54/54 MP: 7/7
  3956 | D:5      | Found a transporter.
  4043 | D:5      | Found a transporter.
  4047 | D:5      | Noticed a fire bat
  4047 | D:5      | Noticed a fire bat
  4047 | D:5      | Noticed a fire bat
  4156 | D:5      | Found a staircase to the Ecumenical Temple.
  4380 | D:5      | Reached XP level 8. HP: 22/61 MP: 8/8
  4662 | D:5      | Reached skill level 5 in Fighting
  5250 | Temple   | Entered the Ecumenical Temple
  5298 | Temple   | Became a worshipper of Hepliaklqana the Forgotten
  5326 | D:5      | Identified 4 scrolls of acquirement
  5326 | D:5      | Acquired a manual of Short Blades
  5327 | D:5      | Acquired the +1 pair of boots of Eseape {rElec rF+ Will++
                  | Dex-3}
  5328 | D:5      | Acquired a +1 longbow of freezing
  5329 | D:5      | Acquired a manual of Armour
  5619 | D:6      | Found Eguowil's Book Shop.
  5671 | D:6      | Found Tiblin's Antique Armour Shoppe.
  5722 | D:6      | Reached skill level 5 in Stealth
  5726 | D:6      | Found Bexkajiapp's Distillery.
  5753 | D:6      | Reached * piety under Hepliaklqana
  5862 | D:6      | Found a snail-covered altar of Cheibriados.
  6305 | D:7      | Reached XP level 9. HP: 61/61 MP: 9/9
  6416 | D:7      | Identified the +5 scale mail of the Thistle {rC+ rN++}
  6782 | D:7      | Reached ** piety under Hepliaklqana
  6783 | D:7      | Remembered your ancestor Ucru as a knight
  7517 | D:9      | Noticed a kobold demonologist
  7518 | D:9      | Noticed a kobold demonologist
  7522 | D:9      | Noticed a smoke demon
  7528 | D:8      | Killed a kobold demonologist
  7529 | D:8      | Reached skill level 10 in Ranged Weapons
  7551 | D:9      | Noticed a kobold demonologist
  7559 | D:8      | Killed a kobold demonologist
  7567 | D:9      | Noticed a soul eater
  7678 | D:9      | Killed a kobold demonologist
  7711 | D:9      | Found Cas Voss's Book Shop.
  7713 | D:9      | Found a large runed translucent door.
  7713 | D:9      | Found a large runed translucent door.
  7720 | D:9      | Noticed SnaplasherVine's ghost (novice VSBe)
  7820 | D:8      | Reached XP level 10. HP: 63/66 MP: 10/10
  7887 | D:8      | Noticed a gargoyle
  7901 | D:8      | Killed a gargoyle
  8623 | D:9      | Found a staircase to the Orcish Mines.
  8760 | D:9      | Reached *** piety under Hepliaklqana
  9303 | D:10     | Entered Level 10 of the Dungeon
 10213 | D:11     | Reached **** piety under Hepliaklqana
 10231 | D:11     | Reached XP level 11. HP: 58/71 MP: 11/11
 10423 | D:11     | Found Aniklyhi's Assorted Antiques.
 10569 | D:11     | Found a staircase to the Lair.
 10951 | Lair:1   | Entered Level 1 of the Lair of Beasts
 11044 | Lair:1   | Found a runed translucent door.
 11316 | Lair:1   | Reached ***** piety under Hepliaklqana
 11340 | Lair:1   | Noticed Gastronok
 11349 | Lair:1   | Killed Gastronok
 11350 | Lair:1   | Reached skill level 1 in Armour
 11350 | Lair:1   | Reached skill level 1 in Invocations
 12390 | Lair:2   | Found a hole to the Spider Nest.
 12393 | Lair:2   | Noticed a wolf spider
 12399 | Lair:2   | Killed a wolf spider
 12403 | Lair:2   | Reached XP level 12. HP: 64/79 MP: 15/15
 12524 | Lair:2   | Reached skill level 5 in Invocations
 12649 | Lair:2   | Identified the +6 short sword "Impbane" {elec, rElec SInv}
 12705 | Lair:2   | You fall into a shaft and drop 1 floor!
 12876 | Lair:2   | Found a staircase to the Swamp.
 13096 | Lair:2   | Reached skill level 5 in Armour
 13849 | Lair:3   | Noticed a death yak
 13854 | Lair:3   | Noticed a death yak
 13854 | Lair:3   | Noticed a death yak
 13855 | Lair:3   | Noticed a death yak
 13856 | Lair:3   | Killed a death yak
 13859 | Lair:3   | Noticed a death yak
 13904 | Lair:2   | Killed a death yak
 14165 | Lair:3   | Killed a death yak
 14175 | Lair:3   | Killed a death yak
 14179 | Lair:3   | Killed a death yak
 14463 | Lair:4   | Gained mutation: You are strongly in touch with the powers
                  | of death. [Mummy growth]
 14463 | Lair:4   | Reached XP level 13. HP: 71/86 MP: 18/18
 14947 | Lair:4   | Reached ****** piety under Hepliaklqana
 15174 | Lair:5   | Entered Level 5 of the Lair of Beasts
 15205 | Lair:5   | Reached skill level 5 in Dodging
 15899 | Lair:5   | Noticed Snorg
 15965 | Lair:4   | Reached skill level 15 in Ranged Weapons
 16130 | Lair:5   | Killed Snorg
 16433 | Lair:5   | Found a staircase to the Slime Pits.
 16787 | Lair:5   | Reached XP level 14. HP: 95/95 MP: 21/21
 16801 | Lair:5   | Identified the +9 spear of Hizxiboh {vamp, rF+ rC+ Int+2}
 17524 | Lair:5   | Noticed Josephine
 17530 | Lair:5   | Noticed Urug
 17532 | Lair:5   | Killed Josephine
 17553 | Lair:5   | Killed Urug
 18149 | Orc:1    | Entered Level 1 of the Orcish Mines
 18250 | Orc:1    | Reached skill level 10 in Invocations
 18355 | Orc:1    | Found Ythih's Jewellery Shoppe.
 18415 | Orc:1    | Found a roughly hewn altar of Beogh.
 18499 | Orc:1    | Found Tuadouw's Antique Weapon Boutique.
 18503 | Orc:1    | Found Hust's Antique Armour Shoppe.
 18505 | Orc:1    | Found Rucixt's Weapon Shop.
 18889 | Orc:2    | Entered Level 2 of the Orcish Mines
 19086 | Orc:2    | Found Byenaffa's Antique Armour Emporium.
 19093 | Orc:2    | Noticed an orc warlord
 19313 | Orc:2    | Found Cynot's General Store.
 19328 | Orc:1    | Killed an orc warlord
 19750 | Orc:2    | Reached skill level 10 in Fighting
 19848 | Orc:2    | Bought a scroll of teleportation for 42 gold pieces
 19871 | Orc:2    | Reached skill level 10 in Armour
 19987 | Orc:2    | Found a roughly hewn altar of Beogh.
 20283 | Orc:2    | Found Emahist's Book Emporium.
 20322 | Orc:2    | Found Xapuefra's Antique Weapon Shoppe.
 20334 | Orc:2    | Found a staircase to the Elven Halls.
 21526 | D:12     | Reached XP level 15. HP: 103/103 MP: 22/22
 23073 | D:13     | Found a gate to the Vaults.
 23662 | D:14     | Found a runed translucent door.
 23674 | D:14     | Found a runed translucent door.
 23717 | D:14     | Found a runed translucent door.
 23801 | D:14     | Found a runed translucent door.
 23963 | D:14     | Noticed a fire giant
 23974 | D:14     | Killed a fire giant
 24041 | D:14     | Noticed a frost giant
 24041 | D:14     | Noticed a frost giant
 24047 | D:14     | Killed a frost giant
 24243 | D:14     | Reached skill level 10 in Dodging
 24324 | D:14     | Identified the +8 ring mail of Errifuah {Fly rN+++ Str-3
                  | Int-4}
 24378 | D:14     | Killed a frost giant
 24641 | D:14     | Identified the staff "Rucly" {rPois Int+3 Hexes Fire
                  | Alchemy}
 24952 | D:15     | Entered Level 15 of the Dungeon
 24952 | D:15     | Found Baur's Assorted Antiques.
 25003 | D:15     | Bought a scroll labelled GIBBUQAGIF for 32 gold pieces
 25207 | D:15     | Found a stormy altar of Qazlal.
 25389 | D:15     | Found a staircase to the Depths.
 26451 | D:9      | Killed SnaplasherVine's ghost
 26933 | Lair:1   | Identified the +7 long sword of Mastery {venom, rN+ Str+3
                  | Dex-4}
 27668 | Swamp:1  | Entered Level 1 of the Swamp
 27679 | Swamp:1  | Reached XP level 16. HP: 84/109 MP: 23/23
 28257 | Swamp:1  | You are sucked into a shaft and drop 1 floor!
 29125 | Swamp:3  | Identified the +1 scale mail of a ziggurat {rPois Str+3
                  | Dex+2}
 29216 | Swamp:3  | Noticed a thorn hunter
 29231 | Swamp:3  | Killed a thorn hunter
 29356 | Swamp:3  | Noticed a thorn hunter
 29367 | Swamp:3  | Killed a thorn hunter
 29598 | Swamp:4  | Entered Level 4 of the Swamp
 30208 | Swamp:4  | Identified the +2 pair of gloves of the Poles {Will+ Dex+5
                  | SInv}
 30208 | Swamp:4  | Noticed Nikola
 30522 | Swamp:4  | Identified the ring "Udduf" {Will+ MP+9}
 30668 | Swamp:4  | Killed Nikola
 30729 | Swamp:4  | Found a runed translucent door.
 30730 | Swamp:4  | Noticed Odaupo's ghost (journeyman SpEn)
 31300 | Swamp:4  | Got a decaying rune of Zot
 31533 | Swamp:4  | Killed Odaupo's ghost
 31669 | Spider:1 | Entered Level 1 of the Spider Nest
 32207 | Spider:1 | Reached XP level 17. HP: 117/117 MP: 25/25
 36326 | Spider:4 | Entered Level 4 of the Spider Nest
 38281 | Spider:4 | Reached XP level 18. HP: 126/126 MP: 27/27
 38739 | Spider:4 | Identified the +0 hat of Pathos {Harm rPois MP+9 Int+3
                  | Dex-2}
 38744 | Spider:4 | Got a gossamer rune of Zot
 39164 | Vaults:1 | Entered Level 1 of the Vaults
 40933 | Vaults:1 | Identified the +1 cloak "Tosche Vakuer" {Regen+}
 43358 | Vaults:2 | Reached XP level 19. HP: 126/135 MP: 28/28
 44271 | Vaults:3 | Found Sag Zupt's Weapon Emporium.
 44289 | Vaults:3 | Found a huge runed translucent gate.
 44289 | Vaults:3 | Found a huge runed translucent gate.
 44289 | Vaults:3 | Found a huge runed translucent gate.
 44290 | Vaults:3 | Found a huge runed translucent gate.
 44291 | Vaults:3 | Found a huge runed translucent gate.
 44293 | Vaults:3 | Found a huge runed translucent gate.
 44293 | Vaults:3 | Found a huge runed translucent gate.
 44293 | Vaults:3 | Found a huge runed translucent gate.
 44293 | Vaults:3 | Found a huge runed translucent gate.
 44293 | Vaults:3 | Found a huge runed translucent gate.
 44294 | Vaults:3 | Found a huge runed translucent gate.
 44294 | Vaults:3 | Found a huge runed translucent gate.
 44294 | Vaults:3 | Found a huge runed translucent gate.
 44322 | Vaults:3 | Found a huge runed translucent gate.
 44323 | Vaults:3 | Found a huge runed translucent gate.
 44323 | Vaults:3 | Found a huge runed translucent gate.
 44327 | Vaults:3 | Found a huge runed translucent gate.
 44328 | Vaults:3 | Found a huge runed translucent gate.
 44330 | Vaults:3 | Found a huge runed translucent gate.
 44330 | Vaults:3 | Found a huge runed translucent gate.
 45662 | Vaults:3 | Found a huge runed translucent gate.
 45663 | Vaults:3 | Found a huge runed translucent gate.
 45664 | Vaults:3 | Found a huge runed translucent gate.
 45665 | Vaults:3 | Found a huge runed translucent gate.
 45665 | Vaults:3 | Found a huge runed translucent gate.
 45670 | Vaults:3 | Found a huge runed translucent gate.
 45671 | Vaults:3 | Found a huge runed translucent gate.
 45671 | Vaults:3 | Found a huge runed translucent gate.
 45671 | Vaults:3 | Found a huge runed translucent gate.
 45671 | Vaults:3 | Found a huge runed translucent gate.
 45673 | Vaults:3 | Found a huge runed translucent gate.
 45674 | Vaults:3 | Found a huge runed translucent gate.
 45675 | Vaults:3 | Found a huge runed translucent gate.
 45675 | Vaults:3 | Found a huge runed translucent gate.
 45680 | Vaults:3 | Found a huge runed translucent gate.
 45700 | Vaults:3 | Found a huge runed translucent gate.
 46100 | Vaults:3 | Noticed a hellephant
 46103 | Vaults:3 | Noticed Margery
 47317 | Vaults:3 | Killed a hellephant
 47360 | Vaults:3 | Found a staircase to the Crypt.
 47796 | Vaults:3 | Killed Margery
 49262 | Vaults:4 | Reached XP level 20. HP: 136/144 MP: 30/30
 50200 | Elf:1    | Entered Level 1 of the Elven Halls
 50466 | Elf:1    | Got Eji Romi's Compendium of the Bright Summer
 51399 | Elf:2    | Reached skill level 15 in Fighting
 51544 | Elf:2    | Found a huge runed translucent gate.
 51544 | Elf:2    | Found a huge runed translucent gate.
 51544 | Elf:2    | Found a huge runed translucent gate.
 51544 | Elf:2    | Found a huge runed translucent gate.
 51544 | Elf:2    | Found a huge runed translucent gate.
 51597 | Elf:2    | Found Ebrisaid's Jewellery Shoppe.
 52688 | Elf:2    | Noticed Asterion
 52702 | Elf:2    | Killed Asterion
 52903 | Elf:3    | Entered Level 3 of the Elven Halls
 53373 | Elf:3    | Identified the +9 war axe of Patterns {heavy, rElec rF-
                  | Will+ Dex+3}
 53597 | Elf:2    | Reached skill level 15 in Invocations
 53676 | Elf:3    | Identified the +3 long sword of Jopso {flame, rElec Str+3
                  | Int+3 Dex+3}
 53676 | Elf:3    | Identified the amulet of Lyhev {RegenMP rCorr Stlth+}
 53685 | Elf:3    | Identified the ring of Qaelosyf {EV+5 Str+3 Dex+3}
 53686 | Elf:3    | Identified the ring "Ypyps" {Wiz rF+ rC+ Will+ Stlth+}
 53733 | Elf:2    | Reached skill level 15 in Armour
 53839 | Elf:3    | Identified the +8 scimitar of Vengeance {flame, Stlth+}
 53842 | Elf:3    | Reached XP level 21. HP: 97/151 MP: 27/32
 54019 | Elf:3    | Identified the +1 plate armour of Incorporation {rF+ rN+
                  | Will+ Int+2}
 54110 | Elf:3    | Reached skill level 15 in Dodging
 54170 | Elf:3    | Reached skill level 1 in Shields
 54202 | Elf:3    | Got the Omnibus of the Sneaky Youths
 54203 | Elf:3    | Identified the staff of Temperance {rElec rF+ rN+ Str+3
                  | Stlth+ Air}
 54225 | Elf:3    | Identified the staff "Pinus" {Fly rPois Str+2 Alchemy}
 54241 | Elf:3    | Got the Grimoire of the Graveyard
 54704 | Elf:3    | Found Nomoe's Weapon Shop.
 55145 | Depths:1 | Entered Level 1 of the Depths
 55164 | Depths:1 | Found a gateway to Hell.
 55170 | Depths:1 | You are sucked into a shaft and drop 1 floor!
 55957 | Depths:2 | Found a one-way gate leading to the halls of Pandemonium.
 56133 | Depths:2 | Found a one-way gateway to a ziggurat.
 56138 | Depths:2 | Reached skill level 5 in Shields
 56212 | Depths:2 | Found an ancient bone altar of Kikubaaqudgha.
 56410 | Depths:2 | Found a blossoming altar of Fedhas.
 56855 | Depths:2 | Identified the +2 ring mail "Voimp" {^Drain rElec Regen+
                  | Stlth-}
 56856 | Depths:2 | Got Tucaurch's Precepts of Lost Shifting
 57453 | Depths:3 | Found Riozak's Island Escapes.
 57461 | Depths:3 | Bought a scroll of fog for 80 gold pieces
 57461 | Depths:3 | Bought a scroll of fog for 80 gold pieces
 57461 | Depths:3 | Bought a scroll of fog for 80 gold pieces
 57603 | Depths:3 | Noticed a golden dragon
 57625 | Depths:3 | Killed a golden dragon
 58487 | Depths:3 | Found a one-way gate to the infinite horrors of the Abyss.
 58558 | Depths:3 | Reached XP level 22. HP: 161/161 MP: 33/33
 58639 | Depths:4 | Entered Level 4 of the Depths
 59087 | Depths:4 | Found a gate to the Realm of Zot.
 59532 | Depths:4 | Identified the +4 scale mail of the Old World {^Drain rPois
                  | rC++ Int+2}
 59566 | Depths:4 | Found a transporter.
 59568 | Depths:4 | Noticed a caustic shrike
 59569 | Depths:4 | Noticed a caustic shrike
 59576 | Depths:4 | Found a transporter.
 59579 | Depths:4 | Noticed Ceed's ghost (adept MfGl)
 60072 | Crypt:1  | Entered Level 1 of the Crypt
 60327 | Vaults:3 | Reached skill level 10 in Shields
 60525 | Crypt:1  | Identified the +6 tower shield of Quantum Leap {rC+ Str-3
                  | Slay+4}
 60525 | Crypt:1  | Noticed Mennas
 61722 | Crypt:2  | Identified the +4 chain mail "Kofichagyn" {rElec rC+ Dex-2}
 61769 | Crypt:2  | Identified the staff "Siat" {rElec rPois rF+ Str+2 Air}
 62007 | Crypt:3  | Entered Level 3 of the Crypt
 63115 | Crypt:3  | Found a staircase to the Tomb.
 63407 | Crypt:3  | Identified the ring of Gaucinn {rPois rC- rN++ MP+9 Slay+4}
 63860 | Crypt:3  | Identified the ring "Mimpoih" {rN++ Will+ Int+3 SInv}
 63870 | Crypt:3  | Noticed a curse toe
 63877 | Crypt:3  | Reached XP level 23. HP: 174/174 MP: 26/34
 63880 | Crypt:3  | Killed a curse toe
 63916 | Crypt:3  | Found a basalt altar of Yredelemnul.
 63918 | Crypt:3  | Found an ancient bone altar of Kikubaaqudgha.
 63933 | Crypt:3  | Identified the +0 arbalest of Faiqoin {drain, rF+ Int+4}
 63959 | Crypt:3  | Identified the amulet "Zuireno" {RegenMP *Corrode rPois
                  | Regen+}
 63961 | Crypt:3  | Got the Folio of Gloom
 64316 | D:11     | Bought a scroll of teleportation for 114 gold pieces
 64838 | Slime:1  | Entered Level 1 of the Pits of Slime
 67348 | Slime:4  | Found a viscous altar of Jiyva.
 67991 | Slime:5  | Entered Level 5 of the Pits of Slime
 68849 | Slime:5  | Noticed the Royal Jelly
 69480 | Zig:1    | Entered Level 1 of a ziggurat
 69493 | Zig:2    | Entered Level 2 of a ziggurat
 69653 | Zig:3    | Entered Level 3 of a ziggurat
 69758 | Zig:3    | Identified the +6 mace of Evolution {vamp, rPois rF-
                  | Will+++}
 69764 | Zig:4    | Entered Level 4 of a ziggurat
 69764 | Zig:4    | Noticed Eganwon the pandemonium lord
 69801 | Zig:4    | Killed Eganwon the pandemonium lord
 69894 | Zig:5    | Entered Level 5 of a ziggurat
 69950 | Zig:6    | Entered Level 6 of a ziggurat
 70373 | Depths:3 | Voluntarily entered the Abyss.
 70381 | Abyss:1  | Found a corrupted altar of Lugonu.
 70453 | Abyss:1  | Found a corrupted altar of Lugonu.
 70457 | Abyss:1  | Found a corrupted altar of Lugonu.
 70543 | Abyss:1  | Found a corrupted altar of Lugonu.
 70599 | Abyss:1  | Reached XP level 24. HP: 183/183 MP: 34/34
 71597 | Abyss:2  | Found a corrupted altar of Lugonu.
 72124 | Abyss:3  | Found a corrupted altar of Lugonu.
 72158 | Abyss:3  | Found a corrupted altar of Lugonu.
 72171 | Abyss:3  | Found a corrupted altar of Lugonu.
 72716 | Abyss:3  | Paralysed by accursed screaming for 2 turns
 72719 | Abyss:3  | Paralysed by accursed screaming for 2 turns
 72732 | Abyss:3  | Got an abyssal rune of Zot
 72774 | Depths:3 | Escaped the Abyss
 72886 | Zot:1    | Entered Level 1 of the Realm of Zot
 73483 | Zot:1    | Killed from afar by a yellow draconian annihilator

Illustrated notes

Levels and vault maps discovered:
D:1:      lightli_iron_boxes, layout_rooms, nrook_uturn,
          dreamdust_princess_bridge
D:2:      layout_basic, minmay_tromino_i2
D:3:      layout_loops_ring
D:4:      nicolae_cairo_tiling_very_big, layout_basic, st_stairs_8, minmay_bent,
          uniq_blork_the_orc
D:5:      gammafunk_cloud_chamber, layout_loops_corners,
          minmay_temple_entry_stoned_glass, nicolae_zen_rock_garden
D:6:      layout_gridville, slow_altar_2, serial_shops, kennysheep_mini,
          nicolae_book_shop_shelving, nicolae_diamond_shop,
          minmay_unpleasant_kobolds
D:7:      layout_loops_ring, serial_aquarium, aquarium_bridge_square
          [aquarium_subvault_wall, aquarium_subvault_wall,
          aquarium_subvault_bridge, aquarium_subvault_window],
          aquarium_window_corridor_1, aquarium_window_corner, aquarium_window_2,
          aquarium_view_2b, aquarium_balcony_double_1, aquarium_pool_side
D:8:      layout_basic, nicolae_elyvilon_peaceful_grove
D:9:      layout_basic, orc_0_dummy, ebering_ghost_disaster_area, serial_shops,
          shop
D:10:     layout_cave_pools
D:11:     layout_big_octagon, erik_lair_dragon, serial_shops,
          nicolae_shop_peninsula
D:12:     minmay_recursive_quarters, layout_grid_maze
D:13:     layout_roguey, grunt_vaults_entry_fortified
D:14:     minmay_tile_spiral, layout_rooms, ebering_dispersal_statue_hall,
          amethyst_killhole, minmay_statue_crystal_thing
D:15:     grunt_enter_depths_snipers, layout_loops_ring,
          nicolae_qazlal_general_emergency, serial_shops,
          nicolae_shop_overgrown_old_shop
Temple:   mainiacjoe_temple_big_plus
Lair:1:   dreamdust_labyrinth, layout_layer_cave, uniq_gastronok
Lair:2:   layout_regular_city, skrybe_swamp_entry_bodies,
          spider_nest_entry_rubble, grunt_megastairs_4
Lair:3:   layout_gridlike, grunt_megastairs_1, serial_bayou_shore_b
Lair:4:   layout_gridlike, infiniplex_staircase_pool, serial_bayou_shore_b
Lair:5:   gammafunk_lair_ancient_temple, layout_gridlike, slime_entry_1,
          uniq_josephine, uniq_snorg, uniq_urug
Swamp:1:  layout_falls_marsh, evilmike_swamp_ruin_house_5, swamp_pool_4,
          hangedman_swamp_ravenous
Swamp:2:  layout_basic_swamp, evilmike_swamp_ruin_house_4, swamp_pool_1_2
Swamp:3:  layout_basic_swamp, serial_swamp_ruin, evilmike_swamp_ruin_house_2,
          evilmike_swamp_ruin_house_3
Swamp:4:  swamp_icy, layout_basic_swamp, gammafunk_ghost_grave, swamp_pool_3,
          uniq_nikola
Spider:1: layout_cave_pods
Spider:2: layout_chambers, hellmonk_narrow_tunnel,
          hangedman_spider_tarantella_strand
Spider:3: layout_chambers
Spider:4: floodkiller_spider_rune_tomb
Slime:1:  nicolae_slime_pool, layout_caves
Slime:2:  cheibrodos_slime_lost_civilization_1, layout_caves
Slime:3:  layout_caves
Slime:4:  layout_caves, basic_altar
Slime:5:  slime_pit_nicolae_royal_road_to_ruin
Orc:1:    layout_diamond_mine, basic_altar, serial_shops,
          nicolae_shop_real_fake_doors, guppyfry_orc_lava_fort
Orc:2:    grunt_orc_gardens, layout_caves, grunt_orc_garden, grunt_orc_garden,
          grunt_orc_garden, grunt_orc_garden, basic_altar
Elf:1:    layout_loops_corners, nicolae_elf_shapeshifter_party
Elf:2:    elven_hall_of_blades_hangedman_alternative [nicolae_blade_bullseye],
          layout_geoelf_octagon, serial_shops, shop, uniq_asterion
Elf:3:    minmay_elf_hall_x, layout_geoelf_diagonals, serial_shops, shop
Vaults:1: nicolae_vaults_network_quinsquares
          [nicolae_vaults_network_quincunx_subvault,
          nicolae_vaults_network_quincunx_subvault,
          nicolae_vaults_network_quincunx_subvault,
          nicolae_vaults_network_quincunx_subvault],
          nicolae_vaults_double_plus_3, nicolae_vaults_closet_pinwheel_3,
          v_misc_22, hangedman_vaults_trim, hangedman_vaults_slice,
          ontoclasm_vaults_spin, vaults_room_pools, v_misc_27,
          nicolae_vaults_house_1, layout_vaults_omnigrid
Vaults:2: nicolae_vaults_octothorpe, hangedman_vaults_slice, v_misc_33,
          nicolae_vaults_network_s, nicolae_vaults_trapezoid_3,
          vaults_dpeg_spiral, vaults_room_ringed_pool, vaults_mumra_hexcomb,
          nicolae_vaults_little_squares_3, nicolae_vaults_wine_cellar,
          nicolae_vaults_surprise_closet, vaults_dpeg_ring,
          layout_vaults_chaotic_city
Vaults:3: nicolae_vaults_offset_grid_hallway_1, v_misc_14,
          minmay_crypt_entry_simple_walls, v_rooms_4, not_door_vault_mu,
          nicolae_vaults_closet_pinwheel_6, nicolae_vaults_storage_closets_2,
          nicolae_vaults_tetromino_L_1, nicolae_vaults_double_plus_1,
          nicolae_vaults_security_offices_4, nicolae_vaults_border_crossing,
          layout_vaults_ring, serial_shops, nicolae_shop_back_alley_shop,
          uniq_margery
Vaults:4: hangedman_vaults_pinch, nicolae_vaults_trapezoid_4,
          hangedman_vaults_restitches, lightli_orcish_oven,
          nicolae_vaults_trapezoid_layered, vaults_room_fours,
          ontoclasm_vaults_gallery, hangedman_vaults_stretched_pinwheel,
          vaults_room_fours, nicolae_vaults_offset_grid_hallway_4,
          vaults_mumra_minichess, nicolae_vaults_trapezoid_lopsided_4,
          nicolae_vaults_storage_room_statues, nicolae_vaults_ring_of_whatevers,
          nicolae_vaults_diagonal_hallway_7, vaults_room_semicircle,
          layout_vaults_omnicross
Crypt:1:  layout_misc_corridors, roderic_lattice_octagonal_star, uniq_mennas
Crypt:2:  layout_misc_corridors, glass_columns_a
Crypt:3:  lightli_unholy_cathedral, layout_chaotic_city,
          nicolae_tomb_entry_unfolded_pyramid_orthogonal
Depths:1: layout_cave_pools, hell_entry, evilmike_butchery
Depths:2: minmay_the_grid_triangle_9x9_recursive_3
          [minmay_the_grid_triangle_9x9_empty,
          minmay_the_grid_triangle_9x9_shrine,
          minmay_the_grid_triangle_9x9_empty,
          minmay_the_grid_triangle_9x9_prize_top_heavy,
          minmay_the_grid_triangle_9x9_minimal,
          minmay_the_grid_triangle_9x9_wacky_v,
          minmay_the_grid_triangle_9x9_limited_checkers,
          minmay_the_grid_triangle_9x9_corruption,
          minmay_the_grid_triangle_9x9_corrupted_corridor], layout_honeycomb,
          enter_ziggurat_b, rand_demon_pan_entry_1, pf_hell_entry_tar_spiral,
          kennysheep_small_spiral, nicolae_kikubaaqudgha_miasma_corner,
          serial_bayou_shore_b, minmay_staircase_windowed_large
Depths:3: minmay_textured_paths, layout_gridlike, grunt_pan_entry_spiral,
          hell_entry, minmay_misc_feat_square, abyss_entry_crystal,
          hangedman_abyss_or_decor_lesser_grid, nicolae_island_escapes
Depths:4: evilmike_zot_entry_basic, layout_honeycomb,
          grunt_pan_entry_in_and_out, gammafunk_ghost_berserking_beasts,
          hangedman_geh_valley, chequers_serial_rivers_room_b
Zot:1:    layout_basic, regret_index_zotdec_serpentine_scales,
          regret_index_zotdec_gossamer_parallel

Skill      XL: |  1  2  3  4  5  6  7  8  9 10 11 12 13 14 15 16 17 18 19 20 21 22 23 24 |
---------------+-------------------------------------------------------------------------+-----
Stealth        | 1 2 3 4 5 |  5.0
Ranged Weapons | 4 5 6 8 11 13 14 15 17 18 19 20 | 20.5
Fighting       | 3 4 5 6 7 8 10 11 12 13 14 15 16 19 20 | 20.9
Armour         | 3 6 8 10 11 12 13 15 | 15.9
Invocations    | 4 7 9 10 11 12 13 15 16 | 16.1
Dodging        | 3 4 6 8 10 11 12 13 14 15 16 18 | 18.7
Shields        | 8 10 | 10.0

Action                     |  1- 3 |  4- 6 |  7- 9 | 10-12 | 13-15 | 16-18 | 19-21 | 22-24 || total
---------------------------+-------+-------+-------+-------+-------+-------+-------+-------++-------
   Fire: Shortbow          |   131 |   244 |   149 |       |       |       |       |       ||   524
         Longbow           |       |       |   166 |   636 |   517 |       |       |       ||  1319
         Orcbow            |       |       |       |       |  1024 |  2131 |  2246 |  1802 ||  7203
         Arbalest          |       |       |       |       |       |       |       |   689 ||   689
 Invoke: Recall Ancestor   |       |       |     1 |       |     3 |     3 |     8 |     9 ||    24
         Ancestor Life: Kn |       |       |     1 |       |       |       |       |       ||     1
         Idealise          |       |       |       |       |    10 |     7 |    11 |    21 ||    49
         Transference      |       |       |       |       |     1 |       |       |     2 ||     3
  Evoke: Wand              |       |       |     1 |     1 |     3 |     2 |     5 |       ||    12
         Sack of spiders   |       |       |       |       |       |       |     1 |       ||     1
         Phantom mirror    |       |       |       |       |       |       |       |     2 ||     2
    Use: Scroll            |       |     1 |     8 |     8 |     7 |    11 |    11 |    25 ||    71
 Armour: Leather armour    |    49 |   107 |    76 |       |       |       |       |       ||   232
         Scale mail        |       |       |    61 |   288 |   539 |       |       |       ||   888
         Ring mail         |       |       |       |       |     3 |   503 |   510 |   663 ||  1679
  Dodge: Dodged            |    29 |   101 |    91 |   178 |   606 |   831 |   726 |  1443 ||  4005
         Repelled          |     1 |     1 |       |     6 |    16 |    29 |    85 |   105 ||   243

Table legend: (Time is in decaauts)
 A = Elapsed time spent in this place.
 B = Non-inter-level travel time spent in this place.
 C = Inter-level travel time spent in this place.
 D = Time resting spent in this place.
 E = Time spent auto-exploring this place.
 F = Levels seen in this place.
 G = Mean time per level.
                   A        B        C        D        E       F      G
               +--------+--------+--------+--------+--------+-----+--------+
         Total |  72654 |  64506 |   8148 |  12530 |  37780 |  60 | 1210.9 |
       Dungeon |  18883 |  15743 |   3140 |   1609 |  11483 |  15 | 1258.9 |
        Temple |     70 |      1 |     69 |      0 |      0 |   1 |   70.0 |
          Lair |   8208 |   7301 |    907 |   1161 |   4579 |   5 | 1641.6 |
         Swamp |   3797 |   3535 |    262 |    799 |   2021 |   4 |  949.2 |
   Spider Nest |   7099 |   6744 |    355 |    820 |   4895 |   4 | 1774.8 |
    Slime Pits |   3874 |   3179 |    695 |    980 |   1520 |   5 |  774.8 |
  Orcish Mines |   2455 |   2217 |    238 |    645 |   1120 |   2 | 1227.5 |
   Elven Halls |   4568 |   4346 |    222 |   1294 |   2032 |   3 | 1522.7 |
        Vaults |  11285 |  10152 |   1133 |   3032 |   5464 |   4 | 2821.2 |
         Crypt |   3618 |   3359 |    259 |   1009 |   1417 |   3 | 1206.0 |
        Depths |   5606 |   4743 |    863 |    848 |   2909 |   4 | 1401.5 |
           Zot |    148 |    148 |      0 |      0 |     72 |   1 |  148.0 |
         Abyss |   2443 |   2443 |      0 |    153 |      0 |   3 |  814.3 |
      Ziggurat |    595 |    595 |      0 |    176 |    266 |   6 |   99.2 |
               +--------+--------+--------+--------+--------+-----+--------+

Top non-repeatable levels by time:
Vaults:3: 3855 daAuts
Vaults:2: 3037 daAuts
Vaults:1: 2892 daAuts
Spider:4: 2488 daAuts
  Lair:5: 2274 daAuts
Depths:2: 2226 daAuts
 Crypt:3: 1970 daAuts
 Slime:2: 1953 daAuts
    D:11: 1915 daAuts
   Elf:2: 1896 daAuts
    D:14: 1855 daAuts
     D:5: 1764 daAuts
   Elf:3: 1759 daAuts
    D:12: 1740 daAuts
  Lair:1: 1732 daAuts
